 Dungeon Crawl Stone Soup version 0.29.1-4-g47bece8355 (webtiles) character file.

Game seed: 9674611312961023637

51 GorkyZ the Shield-Bearer (level 3, -1/23 HPs)
             Began as a Gargoyle Fighter on Dec 3, 2022.
             Was an Initiate of Gozag.
             Slain by a gnoll
             ... wielding a +0 halberd
              (2 damage)
             ... on level 2 of the Dungeon.
             The game lasted 00:03:03 (1659 turns).

GorkyZ the Shield-Bearer (Gargoyle Fighter)         Turns: 1659, Time: 00:03:04

Health: -1/23      AC: 11    Str: 21    XL:     3   Next: 83%
Magic:  3/3        EV:  9    Int:  8    God:    Gozag
Gold:   70         SH:  4    Dex:  9    Spells: 2/2 levels left

rFire   . . .      SeeInvis .   m - +0 whip (vamp)
rCold   . . .      Faith    .   c - +0 buckler
rNeg    + . .      Spirit   .   b - +0 scale mail
rPois   ∞          Reflect  .   (no helmet)
rElec   +          Harm     .   (no cloak)
rCorr   .          Rampage  .   l - +0 pair of gloves
Will    .....                   (no boots)
Stlth   ..........              (no amulet)
HPRegen 0.07/turn               (no ring)
MPRegen 0.08/turn               (no ring)

@: gold aura
A: sickness immunity, AC +3, negative energy resistance 1, electricity
resistance, torment resistance 1, petrification resistance
a: Renounce Religion, Potion Petition, Call Merchant, Bribe Branch


You were on level 2 of the Dungeon.
You worshipped Gozag.
Gozag was noncommittal.
You visited 1 branch of the dungeon, and saw 2 of its levels.

You collected 105 gold pieces.
You paid 35 gold pieces to Gozag.

Inventory:

Hand Weapons
 a - a +0 flail
 m - a +0 vampiric whip (weapon)
Armour
 b - a +0 scale mail (worn)
 c - a +0 buckler (worn)
 l - a +0 pair of gloves (worn)
Jewellery
 f - a ring of fire
Scrolls
 e - a scroll of vulnerability {unknown}
 g - 3 scrolls of identify {unknown}
 j - a scroll of magic mapping {unknown}
 k - a scroll of enchant weapon {unknown}
 q - a scroll of teleportation {unknown}
Potions
 d - 3 potions of might
 h - 2 potions of curing {unknown}
 i - 2 potions of cancellation {unknown}
 n - a potion of attraction {unknown}
 o - a potion of degeneration {unknown}
 p - a potion of brilliance {unknown}


   Skills:
 + Level 3.6 Fighting
 + Level 2.2 Maces & Flails
 + Level 1.0 Throwing
 + Level 3.5 Armour
 + Level 0.8 Dodging
 + Level 3.6 Shields
 + Level 0.9 Evocations


You had 2 spell levels left.
You didn't know any spells.
Your spell library contained the following spells:

 Spells                   Type           Power      Damage    Failure   Level
 Shock                    Conj/Air       0%         1d3       83%         1
 Slow                     Hex            0%         N/A       83%         1
 Call Canine Familiar     Summ           0%         N/A       99%         3
 Confusing Touch          Hex            0%         N/A       99%         3
 Portal Projectile        Hex/Tloc       0%         N/A       99%         3
 Swiftness                Air            0%         N/A       99%         3
 Vampiric Draining        Necr           0%         2d6       99%         3
 Airstrike                Air            0%         2d(0-16)  100%        4
 Leda's Liquefaction      Hex/Erth       0%         N/A       100%        4
 Passage of Golubria      Tloc           0%         N/A       100%        4
 Silence                  Hex/Air        0%         N/A       100%        5
 Lehudib's Crystal Spear  Conj/Erth      0%         10d2      100%        8


Dungeon Overview and Level Annotations

Branches:
Dungeon (2/15)

Altars:
Gozag


Innate Abilities, Weirdness & Mutations

You are immune to sickness and miasma.
Your stone body is resilient. (AC +3)
You are immune to poison.
You resist negative energy. (rN+)
You are resistant to electric shocks. (rElec)
You are resistant to unholy torment.
You are immune to petrification.


Message History

The gnoll hits you from afar with a +2 vorpal spear.
The gnoll barely misses you. x2
The gnoll attacks as you move away! The gnoll barely misses you.
You are too injured to fight recklessly!
You are too injured to fight recklessly!
You are too injured to fight recklessly!
You are too injured to fight recklessly!
You are too injured to fight recklessly!
You are too injured to fight recklessly!
You barely miss the gnoll.
The gnoll is moderately wounded.
The gnoll hits you but does no damage.
You hit the gnoll but do no damage.
The gnoll is moderately wounded.
The gnoll hits you but does no damage.
You closely miss the gnoll.
The gnoll is moderately wounded.
The gnoll barely misses you.
You barely miss the gnoll.
The gnoll is moderately wounded.
The gnoll hits you but does no damage.
You barely miss the gnoll.
The gnoll is moderately wounded.
The gnoll hits you with a +0 club.
* * * LOW HITPOINT WARNING * * *
You hit the gnoll.
The gnoll is heavily wounded.
You block the gnoll's attack.
You closely miss the gnoll.
The gnoll is heavily wounded.
The gnoll hits you but does no damage.
You hit the gnoll.
The gnoll is almost dead.
The gnoll hits you with a +0 club.
* * * LOW HITPOINT WARNING * * *
You hit the gnoll.
You kill the gnoll!
The gnoll hits you with a +0 halberd.
You die...
Your body crumbles into a pile of gold.

...#.####>.....#
.....$..#.#.......#.#
........#.#.#...#.#.#
........#.#$#..##.#.# $
........#.#.#...).#.######
........#.#.#.#####......#
........#.#.#.#...#......#
......g.#.#.#<....#..._...
......g.#@#)######......†.
########g.................
#....#####......... #....#
#......... #....#
#......... #....#
#......... #....#
#......... #....#
#......... #.)..#
#.#'######


You could see a gnoll.

Vanquished Creatures
  An adder (D:2)
  2 gnolls (D:2)
  A dart slug (D:1)
  3 ball pythons
  5 giant cockroaches
  2 goblins (D:2)
  2 hobgoblins
  5 kobolds
  2 quokkas
  3 bats (D:1)
  4 frilled lizards
  A rat (D:1)
31 creatures vanquished.

Notes
Turn   | Place    | Note
-------+----------+-------------------------------------------
     0 | D:1      | GorkyZ the Gargoyle Fighter began the quest for the Orb.
     0 | D:1      | Reached XP level 1. HP: 14/14 MP: 1/1
   130 | D:1      | Found a faded altar of an unknown god.
   471 | D:1      | Reached XP level 2. HP: 19/19 MP: 2/2
  1357 | D:2      | Reached XP level 3. HP: 23/23 MP: 3/3
  1439 | D:2      | Found an opulent altar of Gozag.
  1467 | D:2      | Became a worshipper of Gozag Ym Sagoz the Greedy
  1628 | D:2      | Reached skill level 1 in Throwing
  1658 | D:2      | HP: 1/23 [gnoll/+0 club (3)]
  1659 | D:2      | Slain by a gnoll

Illustrated notes

Levels and vault maps discovered:
D:1:      ebering_hopf_link, layout_loops_corners,
          hellmonk_ecumenical_altar_inner_sanctum, minmay_pentomino_w2
D:2:      layout_basic, basic_altar, nicolae_figureground_sparkle

Skill      XL: |  1  2  3 |
---------------+----------+-----
Throwing       | 1 |  1.0
Fighting       | |  3.6
Maces & Flails | |  2.2
Armour         | |  3.5
Dodging        | |  0.8
Shields        | |  3.6
Evocations     | |  0.9

Action                   || total
-------------------------++-------
Melee: Flail             ||    57
       Whip              ||    88
Armor: Scale mail        ||    84
Dodge: Dodged            ||    60
Block: Buckler           ||    30
